 Dungeon Sprint DCSS version 0.17-a0-1719-g1afd5a1 (webtiles) character file.

17200000 ztt the Plane Walker (level 27, -2/273 HPs)
             Began as a Ghoul Warper on Aug 27, 2015.
             Was the Champion of Makhleb.
             Slain by a fleshlord
             ... wielding a +9 great mace
              (275 damage)
             ... in the Dungeon (Sprint VIII: "Arena of Blood").
             The game lasted 00:03:24 (172 turns).

ztt the Plane Walker (Ghoul Warper)                  Turns: 172, Time: 00:03:24

Health: -2/273     AC:  6    Str: 19    XL:     27
Magic:  51/53      EV: 32    Int:  8    God:    Makhleb [******]
Gold:   0          SH:  0    Dex: 17    Spells: 1 memorised, 79 levels left

rFire  + . .     SeeInvis +     l - +โˆž Axe of Woe
rCold  + . .     Clarity  .     b - +0 leather armour
rNeg   + + +     SustAt   .     (no shield) rPois โˆž
Gourm  .                        (no helmet)
rElec  .         Spirit   .     (no cloak)
rCorr  .         Warding  .     (no gloves)
rMut   .         NoTele   +     (no boots)
MR     ++...                    (no amulet)
Stlth  +++++++++.               n - ring of protection from fire
                                m - ring of see invisible

@: rotting, slowed, very slow, very resistant to hostile enchantments,
incredibly stealthy
A: rotting body, claws 1, carnivore 3, cold resistance 1, negative energy
resistance 3, slow healing 1, torment resistance, unbreathing
a: Minor Destruction, Lesser Servant of Makhleb, Major Destruction, Greater
Servant of Makhleb, Renounce Religion


You were in the Dungeon.
You worshipped Makhleb.
Makhleb was exalted by your worship.
You were not hungry.

You visited 1 branch

Inventory:

Hand weapons
 a - a +0 hand axe
 l - the +โˆž Axe of Woe (weapon)
   (You found it in the Dungeon)
Missiles
 e - 5 tomahawks of dispersal (quivered)
Armour
 b - a +0 leather armour (worn)
Jewellery
 m - a ring of see invisible (left claw)
 n - a ring of protection from fire (right claw)
Scrolls
 d - 2 scrolls of blinking
Potions
 g - a potion of curing
 h - a potion of heal wounds
 i - a potion of haste
 j - 2 potions of magic
 k - a potion of berserk rage
Books
 c - a book of Spatial Translocations

   Spells                             Type                      Level
   a - Apportation                    Translocation                1
   b - Blink                          Translocation                2
   c - Shroud of Golubria             Charms/Translocation         2
   d - Portal Projectile              Translocation                3
   e - Teleport Other                 Translocation                3
   f - Passage of Golubria            Translocation                4
Comestibles
 f - a meat ration


   Skills:
 O Level 27 Fighting
 O Level 27 Axes
 O Level 27 Throwing
 O Level 27 Armour
 O Level 27 Dodging
 O Level 27 Stealth
 O Level 27 Unarmed Combat
 O Level 27 Spellcasting
 O Level 27 Translocations
 O Level 27 Invocations


You had 79 spell levels left.
You knew the following spells:

 Your Spells              Type           Power        Failure   Level  Hunger
a - Apportation           Tloc           ######....   0%          1    None


Dungeon Overview and Level Annotations

Branches:
Dungeon (1/1)

Altars:
Makhleb


Innate Abilities, Weirdness & Mutations

Your body is rotting away.
You thrive on raw meat.
You are immune to poison.
You have sharp fingernails.
You are carnivorous and can eat meat at any time.
Your flesh is cold resistant.
You are immune to negative energy.
You heal slowly when monsters are visible.
You are immune to unholy pain and torment.
You can survive without breathing.


Message History

The fleshlord casts a spell.
The fleshlord seems to speed up.
You hear a shout! x2
Unknown command.
You hear a shout! x10
You hear a shout! x13
A dread comes into view.
The fleshlord gestures at you while chanting.
You feel as though you will be slow longer.
You hear a shout! x7
The fleshlord points at you and mumbles some strange words.
You barely resist.
You hear a shout! x10
The fleshlord casts a spell at you.
You barely resist.
You hear a shout!
You hear a shout! x7
The fleshlord hits you with a +9 great mace!!!!!
Ouch! That really hurt!
You die...

#O.....oV....ยง...##
#..................
#%..)..............
#..).o)D%.#..O.....
#.W.G))%.#.#.#.....
#))).%))))#.#......
#.)###..)#.#.#.....
#..).##.D)#.#.....#
#.@p))#...).)).o.).
#.......##))...))##
####.....##.....).)
####......####).
####...o.....
####...... ####...
####


You could see a fleshlord and a dread.

Vanquished Creatures
  2 hell knights (D)
  7 hell beasts (D)
  3 greater mummies (D)
  5 great orbs of eyes (D)
  4 wraiths (D)
  18 vampire knights (D)
  37 ogres (D)
  2 liches (D)
  3 hydras (D)
  70 orcs (D)
  6 phantoms (D)
  5 hill giants (D)
  3 skeletal warriors (D)
  A sea snake (D)
  4 large abominations (D)
  2 crawling corpses (D)
172 creatures vanquished.

Vanquished Creatures (others)
  4 crawling corpses (D)
4 creatures vanquished.

Grand Total: 176 creatures vanquished

Notes
Turn   | Place    | Note
--------------------------------------------------------------
     0 | D        | ztt the Ghoul Warper began the quest for the Orb.
     0 | D        | Reached XP level 1. HP: 17/17 MP: 2/2
     3 | D        | Noticed a meat berserker
     4 | D        | Noticed a bag of meat
     4 | D        | Became a worshipper of Makhleb the Destroyer
     5 | D        | Noticed a bag of meat
     7 | D        | Killed a meat berserker
     7 | D        | Reached skill level 12 in Fighting
     7 | D        | Reached skill level 20 in Translocations
     7 | D        | Reached XP level 2. HP: 20/42 MP: 2/14
     7 | D        | Reached XP level 3. HP: 23/49 MP: 2/15
     7 | D        | Reached XP level 4. HP: 26/57 MP: 2/17
     7 | D        | Reached XP level 5. HP: 28/63 MP: 2/18
     7 | D        | Reached XP level 6. HP: 31/71 MP: 2/20
     7 | D        | Reached XP level 7. HP: 34/78 MP: 2/21
     7 | D        | Reached XP level 8. HP: 37/85 MP: 2/23
     7 | D        | Reached XP level 9. HP: 40/92 MP: 2/24
     7 | D        | Reached XP level 10. HP: 43/100 MP: 2/25
     7 | D        | Reached XP level 11. HP: 45/106 MP: 2/26
     7 | D        | Reached XP level 12. HP: 47/113 MP: 2/27
     7 | D        | Reached XP level 13. HP: 49/119 MP: 2/28
     8 | D        | Noticed a bag of meat
     9 | D        | Noticed a bag of meat
     9 | D        | Killed a bag of meat
     9 | D        | Acquired Makhleb's first power
     9 | D        | Reached skill level 5 in Throwing
     9 | D        | Reached skill level 21 in Translocations
     9 | D        | Reached XP level 14. HP: 52/132 MP: 2/30
     9 | D        | Killed a bag of meat
     9 | D        | Reached skill level 15 in Fighting
     9 | D        | Reached skill level 5 in Armour
     9 | D        | Reached skill level 23 in Translocations
    10 | D        | Noticed a meat berserker
    11 | D        | Noticed a meat berserker
    11 | D        | Noticed a bag of meat
    11 | D        | Noticed a bag of meat
    11 | D        | Noticed a bag of meat
    11 | D        | Noticed a bag of meat
    12 | D        | Noticed a bag of meat
    12 | D        | Noticed a bag of meat
    12 | D        | Killed a meat berserker
    12 | D        | Acquired Makhleb's second power
    12 | D        | Reached skill level 15 in Axes
    12 | D        | Reached skill level 15 in Spellcasting
    12 | D        | Reached skill level 25 in Translocations
    12 | D        | Reached XP level 15. HP: 111/146 MP: 3/33
    13 | D        | Noticed a meat berserker
    13 | D        | Killed a bag of meat
    13 | D        | Reached skill level 26 in Translocations
    13 | D        | Reached XP level 16. HP: 114/157 MP: 3/34
    14 | D        | Noticed a meat berserker
    14 | D        | Killed a meat berserker
    14 | D        | Acquired Makhleb's third power
    14 | D        | Reached skill level 15 in Dodging
    14 | D        | Reached skill level 27 in Translocations
    14 | D        | Killed a meat berserker
    14 | D        | Reached XP level 17. HP: 167/174 MP: 3/38
    15 | D        | Noticed a bag of meat
    15 | D        | Noticed a bag of meat
    15 | D        | Killed a bag of meat
    15 | D        | Killed a bag of meat
    15 | D        | Acquired Makhleb's fourth power
    15 | D        | Reached XP level 18. HP: 185/188 MP: 4/40
    17 | D        | Killed a bag of meat
    17 | D        | Reached skill level 10 in Armour
    17 | D        | Killed a bag of meat
    18 | D        | Noticed a meat berserker
    18 | D        | Killed a meat berserker
    18 | D        | Acquired Makhleb's fifth power
    18 | D        | Reached XP level 19. HP: 112/205 MP: 5/43
    18 | D        | Killed a bag of meat
    18 | D        | Reached skill level 27 in Fighting
    18 | D        | Reached skill level 10 in Throwing
    20 | D        | Noticed a destroyer
    21 | D        | Killed a bag of meat
    22 | D        | Killed a bag of meat
    22 | D        | Killed a bag of meat
    22 | D        | Reached skill level 27 in Axes
    23 | D        | Noticed a destroyer
    23 | D        | Noticed a meat berserker
    23 | D        | Killed a destroyer
    23 | D        | Reached XP level 20. HP: 216/216 MP: 6/48
    24 | D        | Noticed a bag of meat
    24 | D        | Killed a meat berserker
    24 | D        | Reached skill level 27 in Spellcasting
    25 | D        | Noticed a bag of meat
    25 | D        | Noticed a bag of meat
    25 | D        | Noticed a bag of meat
    25 | D        | Noticed a bag of meat
    25 | D        | Noticed a destroyer
    26 | D        | Noticed a bag of meat
    26 | D        | Noticed a large bag of meat
    26 | D        | Noticed a large bag of meat
    26 | D        | Noticed a bag of meat
    26 | D        | Noticed a bag of meat
    26 | D        | Noticed a bag of meat
    26 | D        | Noticed a large bag of meat
    27 | D        | Noticed a destroyer
    27 | D        | Noticed a meat berserker
    27 | D        | Killed a meat berserker
    27 | D        | Reached skill level 27 in Dodging
    27 | D        | Reached XP level 21. HP: 224/224 MP: 7/51
    28 | D        | Noticed a bag of meat
    29 | D        | Noticed a destroyer
    29 | D        | Killed a bag of meat
    29 | D        | Killed a bag of meat
    29 | D        | Killed a bag of meat
    29 | D        | Killed a bag of meat
    29 | D        | Reached skill level 27 in Armour
    29 | D        | Reached XP level 22. HP: 233/233 MP: 7/52
    29 | D        | Killed a bag of meat
    30 | D        | Noticed a destroyer
    30 | D        | Killed a bag of meat
    30 | D        | Killed a destroyer
    30 | D        | Reached skill level 27 in Throwing
    31 | D        | Noticed a bag of meat
    31 | D        | Noticed a meat berserker
    31 | D        | Killed a bag of meat
    31 | D        | Reached skill level 10 in Stealth
    31 | D        | Reached XP level 23. HP: 240/240 MP: 8/53
    31 | D        | Killed a bag of meat
    31 | D        | Killed a meat berserker
    31 | D        | Killed a bag of meat
    32 | D        | Noticed a meat berserker
    32 | D        | Noticed a destroyer
    32 | D        | Killed a large bag of meat
    32 | D        | Killed a large bag of meat
    33 | D        | Noticed a meat berserker
    33 | D        | Killed a bag of meat
    33 | D        | Killed a large bag of meat
    33 | D        | Reached XP level 24. HP: 249/249 MP: 8/53
    33 | D        | Killed a destroyer
    33 | D        | Reached skill level 27 in Stealth
    33 | D        | Killed a destroyer
    33 | D        | Reached skill level 27 in Unarmed Combat
    33 | D        | Reached skill level 27 in Invocations
    34 | D        | Noticed a bag of meat
    35 | D        | Noticed a bag of meat
    35 | D        | Noticed a bag of meat
    35 | D        | Killed a destroyer
    35 | D        | Reached XP level 25. HP: 257/257 MP: 9/53
    35 | D        | Killed a meat berserker
    35 | D        | Killed a bag of meat
    35 | D        | Killed a destroyer
    36 | D        | Noticed a destroyer
    36 | D        | Noticed a destroyer
    36 | D        | Killed a destroyer
    36 | D        | Reached XP level 26. HP: 266/266 MP: 9/53
    37 | D        | Killed a meat berserker
    37 | D        | Killed a bag of meat
    38 | D        | Killed a meat berserker
    40 | D        | Noticed a sculptor of flesh
    40 | D        | Killed a destroyer
    40 | D        | Reached XP level 27. HP: 273/273 MP: 10/53
    41 | D        | Noticed a bag of meat
    42 | D        | Noticed a destroyer
    42 | D        | Killed a bag of meat
    42 | D        | Killed a bag of meat
    43 | D        | Noticed a destroyer
    45 | D        | Killed a bag of meat
    45 | D        | Killed a destroyer
    45 | D        | Killed a destroyer
    46 | D        | Noticed a sculptor of flesh
    46 | D        | Killed a sculptor of flesh
    46 | D        | Killed a destroyer
    48 | D        | Noticed an accursed
    49 | D        | Noticed a tyrant
    50 | D        | Noticed a destroyer
    50 | D        | Killed a bag of meat
    52 | D        | Noticed a meat berserker
    53 | D        | Killed a sculptor of flesh
    54 | D        | Noticed a meat berserker
    54 | D        | Noticed a meat berserker
    55 | D        | Noticed a meat berserker
    55 | D        | Noticed an accursed
    55 | D        | Killed a tyrant
    56 | D        | HP: 6/273 [accursed/divine providence (12)]
    57 | D        | Noticed a meat berserker
    57 | D        | Killed a meat berserker
    57 | D        | Killed a destroyer
    59 | D        | Noticed a meat berserker
    60 | D        | Killed a meat berserker
    60 | D        | Killed a meat berserker
    61 | D        | Noticed a bag of meat
    61 | D        | Noticed a meat berserker
    61 | D        | Noticed a meat berserker
    61 | D        | Killed a meat berserker
    62 | D        | Noticed a bag of meat
    62 | D        | Noticed a bag of meat
    62 | D        | Killed a meat berserker
    63 | D        | Noticed a bag of meat
    63 | D        | Noticed a bag of meat
    64 | D        | Noticed a meat berserker
    64 | D        | Killed a meat berserker
    65 | D        | Killed a meat berserker
    66 | D        | Noticed a bag of meat
    67 | D        | Killed a bag of meat
    67 | D        | Killed a bag of meat
    68 | D        | Killed a bag of meat
    69 | D        | Noticed a meat berserker
    69 | D        | Killed a bag of meat
    69 | D        | Killed a meat berserker
    70 | D        | Noticed a destroyer
    70 | D        | Noticed a meat berserker
    71 | D        | Noticed a bag of meat
    71 | D        | Killed a meat berserker
    72 | D        | Noticed a bag of meat
    72 | D        | Noticed a bag of meat
    72 | D        | Killed a bag of meat
    73 | D        | Noticed a bag of meat
    74 | D        | Noticed a wretched soul
    74 | D        | Killed a meat berserker
    74 | D        | Noticed a bag of meat
    74 | D        | Noticed a bag of meat
    77 | D        | Noticed a meat berserker
    77 | D        | Killed a bag of meat
    77 | D        | Killed a bag of meat
    78 | D        | Noticed a bag of meat
    78 | D        | Noticed a bag of meat
    78 | D        | Noticed a large bag of meat
    79 | D        | Noticed a bag of meat
    79 | D        | Noticed a meat berserker
    79 | D        | Noticed a bag of meat
    79 | D        | Killed a meat berserker
    79 | D        | Killed a bag of meat
    80 | D        | Noticed a meat berserker
    81 | D        | Noticed a meat berserker
    81 | D        | Noticed a bag of meat
    81 | D        | Noticed a bag of meat
    81 | D        | Killed a meat berserker
    81 | D        | Killed a bag of meat
    82 | D        | Noticed a bag of meat
    82 | D        | Noticed a bag of meat
    83 | D        | Noticed a meat beast
    83 | D        | Killed a bag of meat
    83 | D        | Killed an accursed
    84 | D        | Noticed a meat berserker
    84 | D        | Noticed a meat beast
    85 | D        | Noticed a meat berserker
    85 | D        | Noticed a bag of meat
    85 | D        | Noticed a bag of meat
    85 | D        | Noticed a bag of meat
    85 | D        | Killed a bag of meat
    86 | D        | Noticed a bag of meat
    86 | D        | Noticed a meat beast
    86 | D        | Noticed a bag of meat
    87 | D        | Noticed a meat berserker
    87 | D        | Killed a meat berserker
    88 | D        | Killed a meat beast
    88 | D        | Killed a meat berserker
    88 | D        | Killed a meat berserker
    89 | D        | Killed a meat beast
    90 | D        | Noticed a bag of meat
    90 | D        | Noticed a bag of meat
    90 | D        | Noticed a wretched soul
    91 | D        | Killed a bag of meat
    91 | D        | Killed a bag of meat
    91 | D        | Killed a meat berserker
    92 | D        | Noticed a bag of meat
    92 | D        | Noticed a bag of meat
    92 | D        | Noticed an observer
    93 | D        | Killed a bag of meat
    93 | D        | Killed a meat berserker
    93 | D        | Killed a bag of meat
    93 | D        | Killed a large bag of meat
    94 | D        | Noticed a bag of meat
    94 | D        | Killed a bag of meat
    94 | D        | Killed a bag of meat
    94 | D        | Killed a bag of meat
    95 | D        | Noticed a bag of meat
    95 | D        | Killed a meat beast
    96 | D        | Killed a bag of meat
    96 | D        | Killed a bag of meat
    96 | D        | Killed a wretched soul
    96 | D        | Killed a bag of meat
    96 | D        | Killed a wretched soul
    96 | D        | Killed a bag of meat
    97 | D        | Noticed a large bag of meat
    98 | D        | Noticed a meat berserker
    98 | D        | Noticed a wretched soul
    98 | D        | Killed a bag of meat
    98 | D        | Killed a bag of meat
   100 | D        | Noticed a destroyer
   100 | D        | Killed an observer
   100 | D        | Killed a bag of meat
   101 | D        | Noticed a tyrant
   101 | D        | Noticed an observer
   101 | D        | Noticed a bag of meat
   101 | D        | Noticed a dread
   101 | D        | Noticed a wretched soul
   102 | D        | Killed a meat berserker
   102 | D        | Killed a bag of meat
   102 | D        | Killed a destroyer
   103 | D        | Noticed a bag of meat
   103 | D        | Noticed a destroyer
   103 | D        | Noticed an observer
   103 | D        | Killed a meat berserker
   104 | D        | Noticed a meat beast
   104 | D        | Noticed a meat berserker
   104 | D        | Noticed an accursed
   104 | D        | Noticed a wretched soul
   104 | D        | Killed a destroyer
   107 | D        | Noticed a bag of meat
   107 | D        | Noticed a dread
   107 | D        | Noticed a meat berserker
   107 | D        | Noticed a meat berserker
   107 | D        | Killed a bag of meat
   107 | D        | Killed a bag of meat
   107 | D        | Killed an observer
   108 | D        | Noticed a meat berserker
   109 | D        | Noticed a bag of meat
   109 | D        | Killed an observer
   109 | D        | Killed a bag of meat
   110 | D        | Noticed a bag of meat
   110 | D        | Killed a wretched soul
   110 | D        | Killed a bag of meat
   111 | D        | Killed a large bag of meat
   111 | D        | Killed a dread
   112 | D        | Noticed a bag of meat
   112 | D        | Noticed a bag of meat
   112 | D        | Killed an accursed
   112 | D        | Killed a bag of meat
   112 | D        | Killed a bag of meat
   113 | D        | Killed a wretched soul
   113 | D        | Killed a meat beast
   113 | D        | Killed a meat berserker
   114 | D        | Noticed an observer
   114 | D        | Noticed a sculptor of flesh
   115 | D        | Noticed a dread
   117 | D        | Killed a meat berserker
   117 | D        | Killed a meat berserker
   118 | D        | Noticed a destroyer
   119 | D        | Killed a wretched soul
   119 | D        | Killed a dread
   120 | D        | Killed a meat berserker
   122 | D        | Killed a dread
   123 | D        | Killed an accursed
   125 | D        | Killed a bag of meat
   125 | D        | Killed an observer
   126 | D        | Killed a tyrant
   127 | D        | Killed a bag of meat
   128 | D        | Killed a bag of meat
   129 | D        | Noticed a bag of meat
   129 | D        | Killed a destroyer
   130 | D        | Killed a destroyer
   131 | D        | Noticed a dread
   131 | D        | Noticed a fleshlord
   131 | D        | Killed a bag of meat
   132 | D        | Killed a bag of meat
   133 | D        | Killed a bag of meat
   134 | D        | Noticed a bag of meat
   134 | D        | Noticed a bag of meat
   134 | D        | Noticed an observer
   134 | D        | Noticed a destroyer
   134 | D        | Noticed a fleshlord
   134 | D        | Noticed a bag of meat
   135 | D        | Killed a dread
   135 | D        | Killed a sculptor of flesh
   136 | D        | Noticed a bag of meat
   136 | D        | Noticed a destroyer
   136 | D        | Killed a fleshlord
   136 | D        | Killed a destroyer
   138 | D        | Killed an observer
   138 | D        | Killed a fleshlord
   139 | D        | Killed a bag of meat
   140 | D        | Killed a bag of meat
   141 | D        | Noticed a meat berserker
   141 | D        | Killed a bag of meat
   142 | D        | Killed a meat berserker
   143 | D        | Killed a bag of meat
   145 | D        | Killed a destroyer
   146 | D        | Noticed a meat berserker
   146 | D        | Killed a bag of meat
   147 | D        | Noticed a meat beast
   148 | D        | Noticed a meat beast
   149 | D        | Killed a meat berserker
   150 | D        | Killed a meat beast
   152 | D        | Noticed a meat berserker
   155 | D        | Noticed a wretched soul
   156 | D        | Killed a meat berserker
   156 | D        | Killed a wretched soul
   161 | D        | Noticed a meat beast
   161 | D        | Noticed a meat beast
   161 | D        | Killed a meat beast
   163 | D        | Killed a meat beast
   166 | D        | Noticed a fleshlord
   170 | D        | Noticed a dread
   172 | D        | Slain by a fleshlord

Vault maps used:
D:        meatsprint

Action                   |  1- 3 |  4- 6 |  7- 9 | 10-12 | 13-15 | 16-18 | 19-21 | 22-24 | 25-27 || total
-------------------------+-------+-------+-------+-------+-------+-------+-------+-------+-------++-------
Melee: Executioner's axe |     1 |       |       |       |     3 |     4 |     6 |     5 |    81 ||   100
 Cast: Apportation       |       |       |       |       |       |       |       |       |     2 ||     2
